 Dungeon Crawl Stone Soup version 0.26-a0-812-g31a745ddcd (webtiles) character file.

Game seed: 2511356812083590886

9 Dracia the Skirmisher (level 2, 0/24 HPs)
             Began as a Demonspawn Monk on Dec 4, 2020.
             Succumbed to a goblin's poison
             ... on level 1 of the Dungeon.
             The game lasted 00:00:34 (421 turns).

Dracia the Skirmisher (Demonspawn Monk)              Turns: 421, Time: 00:00:34

Health: 0/24       AC:  2    Str: 17    XL:     2   Next: 6%
Magic:  2/2        EV: 13    Int: 11    God:
Gold:   0          SH:  0    Dex: 15    Spells: 1/1 levels left

rFire    . . .     SeeInvis .   a - +0 spear
rCold    . . .     Faith    .   (no shield)
rNeg     . . .     Spirit   .   b - +0 robe
rPois    .         Reflect  .   (no helmet)
rElec    .         Harm     .   (no cloak)
rCorr    .         Rampage  .   (no gloves)
MR       .....                  (no boots)
Stlth    ++........             (no amulet)
HPRegen  0.08/turn              S - +6 ring of strength
MPRegen  0.08/turn              (no ring)

@: lethally poisoned (0 -> -9)
A: powered by death 1
a: no special abilities


You were on level 1 of the Dungeon.
You visited 1 branch of the dungeon, and saw 1 of its levels.


Innate Abilities, Weirdness & Mutations

You regenerate a little health from kills.


   Skills:
 + Level 3.3 Fighting
 + Level 3.0 Polearms
 - Level 2.6 Dodging
 - Level 1.7 Stealth


You had one spell level left.
You didn't know any spells.
Your spell library was empty.

Inventory:

Hand Weapons
 a - a +0 spear (weapon)
Armour
 b - a +0 robe (worn)
Jewellery
 S - a +6 ring of strength (left hand)
Scrolls
 c - 2 scrolls of identify {unknown}

Dungeon Overview and Level Annotations

Branches:
Dungeon (1/15)

Altars:

#.############.# .#. #.#
#####.# ... #.# #.....# #.# #
#'## #.##### ##r##.## ...##
#.# ##...#.. ....## #.##
#.....## .....## #..##
#)..#.##
......####...#########.#...###
......'.........@†)...........
......#.##...#########.#...###
.....##.##..## #.##.##
....###.##..# #.# ## ...##
#.###.# ... #'## ######### #.#
#.# ####......# ###
#####.........#
##.......####.####


There were no monsters in sight!


Message History

* * * LOW HITPOINT WARNING * * *
You feel sick.
* * * LOW HITPOINT WARNING * * *
You feel sick.
* * * LOW HITPOINT WARNING * * *
You feel sick.
* * * LOW HITPOINT WARNING * * *
You feel sick.
* * * LOW HITPOINT WARNING * * *
You feel sick.
You see here a whip.
* * * LOW HITPOINT WARNING * * *
You feel sick.
* * * LOW HITPOINT WARNING * * *
You feel sick.
* * * LOW HITPOINT WARNING * * *
You feel sick.
* * * LOW HITPOINT WARNING * * *
You feel sick.
You are too injured to fight recklessly!
* * * LOW HITPOINT WARNING * * *
You feel sick.
Attack whom?
Press: ? - help, Dir - move target cursor, f - you
Okay, then.
* * * LOW HITPOINT WARNING * * *
You feel sick.
You hit the rat.
You kill the rat!
You die...

Skill      XL: |  1 |
---------------+----+-----
Polearms       | 3 |  3.0
Fighting       | |  3.3
Dodging        | |  2.6
Stealth        | |  1.7

Action                   || total
-------------------------++-------
Melee: Spear             ||    25
Armor: Robe              ||     3
Dodge: Dodged            ||     8

Levels and vault maps discovered:
D:1:      dpeg_arrival_circle_labyrinth_b, layout_loops_corners,
          minmay_tromino_v4_a

Notes
Turn   | Place    | Note
-------+----------+-------------------------------------------
     0 | D:1      | Dracia the Demonspawn Monk began the quest for the Orb.
     0 | D:1      | Reached XP level 1. HP: 18/18 MP: 1/1
   237 | D:1      | Reached skill level 3 in Polearms
   409 | D:1      | Gained mutation: You regenerate a little health from kills.
                  | [demonic ancestry]
   409 | D:1      | Reached XP level 2. HP: 15/24 MP: 2/2
   419 | D:1      | HP: 2/24 [poisoned by a goblin]
   421 | D:1      | Succumbed to a goblin's poison

Vanquished Creatures
  An ooze (D:1)
  A giant cockroach (D:1)
  A goblin (D:1)
  A kobold (D:1)
  A rat (D:1)
5 creatures vanquished.

Table legend: (Time is in decaauts)
 A = Elapsed time spent in this place.
 B = Non-inter-level travel time spent in this place.
 C = Inter-level travel time spent in this place.
 D = Time resting spent in this place.
 E = Time spent auto-exploring this place.
 F = Levels seen in this place.
 G = Mean time per level.
                   A        B        C        D        E       F      G
               +--------+--------+--------+--------+--------+-----+--------+
         Total |    419 |    419 |      0 |      0 |    373 |   1 |  419.0 |
       Dungeon |    419 |    419 |      0 |      0 |    373 |   1 |  419.0 |
               +--------+--------+--------+--------+--------+-----+--------+

Top non-repeatable levels by time:
     D:1: 419 daAuts

Table legend:
 A = Non-vault XP
 B = Vault XP
 C = Vault XP percentage of total XP
 D = Non-vault monster count
 E = Vault monster count
 F = Vault count percentage of total count
                 A         B        C        D         E       F
            +---------+---------+-------+---------+---------+-------
      Total |      14 |       0 |   0.0 |       5 |       0 |   0.0
            +---------+---------+-------+---------+---------+-------
        D:1 |      14 |       0 |   0.0 |       5 |       0 |   0.0
            +---------+---------+-------+---------+---------+-------
